AoeStats
← lyonnais--86

Arena

510534638Analyzed
4v4 RM · 22h ago on Oct 1, 2026· 42m 3s· 8 players
Game mode
Random Map
Map size
Large (8 player)
Population
200
Speed
Normal
Resources
Standard
Victory
Conquest
Starting age
Dark Age
Ending age
Imperial Age
RankedLock teamsTeams togetherTeam positionsShared explorationLock speedFull tech treeHidden civsTurbo modeCheats
Victory
Defeat
🇫🇷 Teutons · France
1398
+3
🇫🇷 Vietnamese · France
923
+16
🇫🇷 Danes · France
764
+22
🇫🇷 Hindustanis · France
728
+23
🇫🇷 Khmer · France
959
-17
🇨🇴 Byzantines · Colombia
940
-16
🇫🇷 Sicilians · France
939
-16
🇦🇷 Portuguese · Argentina
935
-15
lyonnais--86
10:05 Feudal Age
13:22 Castle Age
12:06 Double-Bit Axe
12:37 Horse Collar
14:32 Bow Saw
28:06 Imperial Age
25:56 Gold Mining
25:56 Stone Mining
26:54 Wheelbarrow
26:05 Town Watch
26:07 Loom
28:00 Hand Cart
27:58 Scale Barding Armor
28:04 Forging
29:13 Chain Barding Armor
29:33 Husbandry
29:47 Bloodlines
30:20 Elite Battle Elephant
31:55 Conscription
razors-38i
10:24 Feudal Age
14:09 Castle Age
12:25 Double-Bit Axe
13:46 Horse Collar
22:22 Wheelbarrow
25:15 Stone Mining
25:15 Gold Mining
25:45 Bloodlines
25:35 Husbandry
30:25 Imperial Age
30:23 Scale Mail Armor
30:34 Forging
30:30 Scale Barding Armor
31:24 First Crusade
32:17 Gold Shaft Mining
32:19 Stone Shaft Mining
31:23 Capped Ram
32:32 Hauberk
32:48 Conscription
33:07 Iron Casting
32:49 Chain Mail Armor
32:55 Chain Barding Armor
32:38 Loom
33:09 Hand Cart
33:21 Bow Saw
33:17 Cavalier
34:37 Gambesons
34:53 Squires
34:18 Elite Serjeant
35:24 Heavy Plow
35:44 Siege Ram
36:27 Fletching
37:56 Blast Furnace
FELIPE41
0:37 Loom
10:42 Feudal Age
16:07 Castle Age
14:38 Stone Mining
Tinchoca
0:30 Loom
14:36 Feudal Age
22:17 Castle Age
21:42 Town Watch
Elyo61
10:43 Feudal Age
16:17 Castle Age
16:31 Double-Bit Axe
16:32 Horse Collar
21:15 Bow Saw
24:52 Wheelbarrow
25:27 Gold Mining
27:53 Pikeman
30:24 Hand Cart
34:47 Imperial Age
33:23 Heavy Plow
34:09 Gold Shaft Mining
34:42 Stone Mining
36:42 Stone Shaft Mining
36:24 Halberdier
38:29 Forging
38:20 Scale Mail Armor
41:33 Man-at-Arms
XxAlexyzFxX42
11:09 Feudal Age
12:37 Double-Bit Axe
15:15 Horse Collar
19:04 Castle Age
20:57 Fletching
22:11 Wheelbarrow
23:37 Forging
28:22 Bow Saw
28:16 Heavy Plow
30:11 Iron Casting
30:20 Hand Cart
31:55 Bloodlines
31:46 Husbandry
33:03 Gold Mining
33:03 Stone Mining
33:53 Scale Barding Armor
34:28 Squires
33:48 Pikeman
36:15 Grand Trunk Road
36:39 Chain Barding Armor
38:22 Elite Skirmisher
39:08 Thumb Ring
Actiweed1
0:29 Loom
10:54 Feudal Age
12:18 Wheelbarrow
11:27 Horse Collar
11:36 Double-Bit Axe
17:01 Gold Mining
20:19 Castle Age
18:14 Stone Mining
20:11 Town Watch
21:37 Hand Cart
22:21 Bow Saw
22:20 Heavy Plow
22:03 Crossbowman
23:02 Padded Archer Armor
25:02 Fletching
25:49 Ballistics
26:21 Bodkin Arrow
30:32 Thumb Ring
31:20 Leather Archer Armor
35:41 Imperial Age
34:52 Forging
34:43 Scale Mail Armor
35:39 Pikeman
36:20 Squires
36:08 Arson
37:06 Iron Casting
36:46 Chain Mail Armor
37:50 Two-Man Saw
36:57 Bracer
37:32 Ring Archer Armor
38:14 Chemistry
38:45 Crop Rotation
37:47 Arbalester
38:51 Elite Rattan Archer
40:24 Plate Mail Armor
39:39 Treadmill Crane
41:46 Halberdier
42:54 Paper Money
WitchenCats
11:25 Feudal Age
15:53 Castle Age
14:01 Double-Bit Axe
13:58 Horse Collar
16:52 Bow Saw
19:49 Loom
20:50 Town Watch
22:45 Wheelbarrow
22:47 Gold Mining
28:18 Imperial Age
25:47 Town Watch
26:50 Hand Cart
26:55 Bloodlines
27:47 Scale Barding Armor
27:59 Heavy Plow
28:29 Cavalier
30:12 Chain Barding Armor
29:53 Scale Mail Armor
30:03 Forging
31:45 Paladin
33:20 Plate Barding Armor
33:57 Iron Casting
33:35 Fletching
33:44 Pikeman
34:25 Squires
34:25 Scale Mail Armor
34:45 Padded Archer Armor
35:41 Bodkin Arrow
36:41 Conscription
37:55 Blast Furnace
38:44 Chain Mail Armor
39:58 Two-Man Saw
42:13 Gambesons
42:13 Arson
Connection lost

Rejoining the realm…

Still unreachable

The connection could not be restored.

Session expired

The server has moved on; the page needs a fresh start.